 Dungeon Crawl Stone Soup version 0.29-a0-214-g17f627cfee (webtiles) character file.

Game seed: 8257354740977461693

595 fragbeetle the Quickloader (level 7, -7/36 HPs)
             Began as a Tengu Hunter on Feb 25, 2022.
             Was a Follower of Hepliaklqana.
             Shot with an arrow by a centaur (9 damage)
             ... on level 6 of the Dungeon.
             The game lasted 00:06:19 (4056 turns).

fragbeetle the Quickloader (Tengu Hunter)           Turns: 4056, Time: 00:06:20

Health: -7/36      AC: 10    Str: 12    XL:     7   Next: 40%
Magic:  8/8        EV: 13    Int: 12    God:    Hepliaklqana [*.....]
Gold:   224        SH:  0    Dex: 16    Spells: 6/6 levels left

rFire   . . .      SeeInvis .   a - +1 hand crossbow
rCold   . . .      Faith    .   (no shield)
rNeg    . . .      Spirit   .   k - +1 ring mail "Trusted Companion" {Slay+6}
rPois   .          Reflect  .   (helmet restricted)
rElec   .          Harm     .   (no cloak)
rCorr   .          Rampage  .   (no gloves)
Will    .....                   (boots unavailable)
Stlth   +.........              t - amulet of magic regeneration
HPRegen 0.12/turn               u - +4 ring of protection
MPRegen 0.51/turn               (no ring)

@: flying quickly and evasively, quick
A: reduced essence, beak, talons 3, nimble flight
a: Renounce Religion, Recall Ancestor, Ancestor Identity


You were on level 6 of the Dungeon.
You worshipped Hepliaklqana.
Hepliaklqana was aware of your devotion.
You visited 1 branch of the dungeon, and saw 6 of its levels.

You collected 224 gold pieces.

Inventory:

Hand Weapons
 a - a +1 hand crossbow (weapon)
 b - a +3 spear
Armour
 k - the +1 ring mail "Trusted Companion" (worn) {Slay+6}
   (You found it on level 2 of the Dungeon)

   Slay:      It affects your accuracy & damage with ranged weapons and melee
   (+6).
Jewellery
 t - an amulet of magic regeneration (around neck)
 u - a +4 ring of protection (left hand)
Wands
 o - a wand of flame (19)
Scrolls
 c - 6 scrolls of identify {unknown}
 e - a scroll of enchant weapon {unknown}
 g - a scroll of teleportation {unknown}
 i - a scroll of magic mapping {unknown}
 j - a scroll of summoning {unknown}
 l - a scroll of immolation {unknown}
 q - a scroll of blinking {unknown}
 r - a scroll of fog {unknown}
 s - a scroll of vulnerability {unknown}
 v - a scroll of amnesia {unknown}
Potions
 d - a potion of haste {unknown}
 f - a potion of mutation {unknown}
 h - a potion of heal wounds {unknown}
 m - a potion of attraction {unknown}
 n - 4 potions of curing {unknown}
 p - 3 potions of lignification {unknown}


   Skills:
 - Level 2.0 Fighting
 + Level 9.6 Crossbows
 - Level 2.1 Dodging
 - Level 1.0 Stealth


You had 6 spell levels left.
You didn't know any spells.
Your spell library contained the following spells:

 Spells                   Type           Power      Damage    Failure   Level
 Inner Flame              Hex/Fire       0%         N/A       92%         3
 Cause Fear               Hex            0%         N/A       100%        4
 Blade Hands              Tmut           0%         N/A       100%        5
 Irradiate                Conj/Tmut      0%         3d13      100%        5
 Dragon Form              Tmut           0%         N/A       100%        7
 Discord                  Hex            0%         N/A       100%        8


Dungeon Overview and Level Annotations

Branches:
Dungeon (6/15)
 Temple: D:4-7

Altars:
Cheibriados
Dithmenos
Hepliaklqana
Trog
Vehumet

Annotations:
D:4 1 runed translucent door, Crazy Yiuf


Innate Abilities, Weirdness & Mutations

Your life essence is reduced to manifest your ancestor. (-10% HP)
You have a beak for a mouth.
You have claws for feet.
Your magical nature lets you fly swiftly and evasively.


Message History

The sky beast hits Tweetie but does no damage.
Tweetie hits the sky beast.
The sky beast hits Tweetie.
The sky beast shocks Tweetie.
You shoot a bolt. Tweetie avoids your attack.
The bolt hits the sky beast!
The sky beast is almost dead.
Tweetie hits the sky beast.
The sky beast dies!
You swap places.
A centaur skeleton comes into view.
The centaur skeleton moves out of view.
Ancestor HP restored.
You shoot a bolt. The bolt hits the centaur skeleton.
The centaur skeleton is lightly damaged.
The centaur skeleton closely misses you.
The centaur skeleton kicks you but does no damage.
Tweetie hits the centaur skeleton.
You shoot a bolt. The bolt hits the centaur skeleton!
The centaur skeleton is severely damaged.
The centaur skeleton hits you but does no damage.
The centaur skeleton kicks you but does no damage.
Tweetie hits the centaur skeleton.
The centaur skeleton misses you.
The centaur skeleton kicks you but does no damage.
You shoot a bolt. The bolt hits the centaur skeleton.
The centaur skeleton is almost destroyed.
The centaur skeleton hits you but does no damage.
The centaur skeleton misses you.
Tweetie hits the centaur skeleton.
The centaur skeleton is destroyed!
A centaur comes into view.
The centaur shouts!
The centaur wields a +0 shortbow.
The centaur shoots an arrow.
The arrow hits you.
The centaur shoots an arrow.
The arrow hits you!
Found 18 gold pieces.
The centaur shoots an arrow.
The arrow hits you but does no damage.
You swap places.
The centaur shoots an arrow.
The arrow hits you!
* * * LOW HITPOINT WARNING * * *
The centaur shoots an arrow.
The arrow hits you!
* * * LOW HITPOINT WARNING * * *
The centaur shoots an arrow.
The arrow hits you!
You die...

##.##...≈≈≈#.≈≈.##
##.##.≈≈..#.≈≈#..#
.......≈≈######.##
##.#.#.#≈R≈###..#
#.#.#.###≈≈≈##≈##
......# ######.≈#
##.#.### #.≈≈#
#.#.# ###.#≈###
#.... #...#@..#
###.# #.##....#
##...R...#
#≈.≈.....#
#.≈..≈≈..#
#.♣#≈≈≈#.≈≈.#
#≈≈≈≈≈...≈≈.#
...≈≈c≈#≈≈.≈..#
.$.≈..≈♣..≈..##


You could see the friendly Tweetie the ancestor and a centaur.

Vanquished Creatures
  2 ogres
  A scorpion (D:5)
  2 iguanas
  4 adders
  An adder skeleton (D:4)
  A worm (D:2)
  5 dart slugs
  An orc (D:3)
  4 endoplasms
  4 giant cockroaches
  9 goblins
  5 hobgoblins
  6 jackals (D:3)
  5 quokkas
  7 ball pythons
  6 bats
  3 frilled lizards
  3 kobolds
  5 rats
74 creatures vanquished.

Vanquished Creatures (collateral kills)
  A sky beast (D:6)
  A bullfrog (D:6)
  A centaur skeleton (D:6)
3 creatures vanquished.

Vanquished Creatures (others)
  2 fungi (D:4)
2 creatures vanquished.

Grand Total: 79 creatures vanquished

Notes
Turn   | Place    | Note
-------+----------+-------------------------------------------
     0 | D:1      | fragbeetle the Tengu Hunter began the quest for the Orb.
     0 | D:1      | Reached XP level 1. HP: 12/12 MP: 2/2
   144 | D:1      | Reached XP level 2. HP: 17/17 MP: 3/3
   151 | D:1      | Reached skill level 5 in Crossbows
   398 | D:1      | Reached XP level 3. HP: 21/21 MP: 4/4
   757 | D:2      | Identified the +1 ring mail "Trusted Companion" {Slay+6}
  1137 | D:2      | Found a faded altar of an unknown god.
  1260 | D:2      | Reached skill level 6 in Crossbows
  1260 | D:2      | Reached XP level 4. HP: 21/26 MP: 5/5
  1383 | D:3      | Found a bloodstained altar of Trog.
  1590 | D:3      | Found a shadowy altar of Dithmenos.
  1590 | D:3      | Noticed a shadow
  2059 | D:3      | Found a hazy altar of Hepliaklqana.
  2067 | D:3      | Became a worshipper of Hepliaklqana the Forgotten
  2379 | D:4      | Found a snail-covered altar of Cheibriados.
  2436 | D:4      | Gained mutation: Your magical nature lets you fly swiftly
                  | and evasively. [Tengu growth]
  2436 | D:4      | Reached XP level 5. HP: 30/30 MP: 6/6
  2499 | D:4      | Reached skill level 7 in Crossbows
  2868 | D:4      | Found a runed translucent door.
  2869 | D:4      | Noticed Crazy Yiuf
  3261 | D:4      | Noticed an ogre
  3284 | D:4      | Killed an ogre
  3285 | D:4      | Reached XP level 6. HP: 35/35 MP: 7/7
  3534 | D:5      | Entered Level 5 of the Dungeon
  3579 | D:5      | Reached * piety under Hepliaklqana
  3589 | D:5      | Found a radiant altar of Vehumet.
  3641 | D:5      | Reached skill level 8 in Crossbows
  3933 | D:6      | Reached skill level 9 in Crossbows
  3933 | D:6      | Reached XP level 7. HP: 25/36 MP: 8/8
  4056 | D:6      | Shot with an arrow by a centaur

Illustrated notes

Levels and vault maps discovered:
D:1:      evilmike_arrival_hilbert_curve, layout_loops_ring,
          hangedman_decor_push, roderic_roman_lattice
D:2:      layout_basic, chequers_ecumenical_altar_twisty
D:3:      layout_basic, riverfiend_overflow_shadow_ancestor,
          mainiacjoe_overflow_cross_hatched, minmay_misc_feat_hallway,
          nrook_uturn, kennysheep_pointless_box
D:4:      layout_loops_corners, mainiacjoe_overflow_concentric_impassable,
          serial_rivers, chequers_serial_rivers_micro_d,
          chequers_serial_rivers_small_b, chequers_serial_rivers_large_b,
          chequers_serial_rivers_room_b, chequers_serial_rivers_large_a,
          chequers_serial_rivers_micro_c, uniq_crazy_yiuf_cottage
D:5:      layout_rooms, nicolae_vehumet_radiance, lemuel_another_geyser
D:6:      layout_loops_ring, zin_treasury, nicolae_qazlal_eye_of_the_storm,
          temple_pool_b, serial_shops, nicolae_shop_waterfront, serial_rivers,
          chequers_serial_rivers_micro_b, chequers_serial_rivers_small_b,
          chequers_serial_rivers_micro_d, chequers_serial_rivers_marsh,
          chequers_serial_rivers_room_b, uniq_eustachio

Skill      XL: |  1  2  3  4  5  6 |
---------------+-------------------+-----
Crossbows      | 5 6 7 9 |  9.6
Fighting       | |  2.0
Dodging        | |  2.1
Stealth        | |  1.0

Action                   |  1- 3 |  4- 6 |  7- 9 || total
-------------------------+-------+-------+-------++-------
Melee: Spear             |     1 |       |       ||     1
 Fire: Hand crossbow     |    62 |    87 |     9 ||   158
Invok: Recall Ancestor   |       |     1 |       ||     1
       Ancestor Identity |       |     1 |       ||     1
Armor: Leather armour    |     1 |       |       ||     1
       Ring mail         |     5 |     6 |     6 ||    17
Dodge: Dodged            |    12 |     6 |     3 ||    21

Table legend: (Time is in decaauts)
 A = Elapsed time spent in this place.
 B = Non-inter-level travel time spent in this place.
 C = Inter-level travel time spent in this place.
 D = Time resting spent in this place.
 E = Time spent auto-exploring this place.
 F = Levels seen in this place.
 G = Mean time per level.
                   A        B        C        D        E       F      G
               +--------+--------+--------+--------+--------+-----+--------+
         Total |   4002 |   3914 |     88 |    161 |   3257 |   6 |  667.0 |
       Dungeon |   4002 |   3914 |     88 |    161 |   3257 |   6 |  667.0 |
               +--------+--------+--------+--------+--------+-----+--------+

Top non-repeatable levels by time:
     D:4: 1255 daAuts
     D:3: 860 daAuts
     D:2: 709 daAuts
     D:1: 689 daAuts
     D:5: 324 daAuts
     D:6: 163 daAuts
